AoeStats
← Escalavini

Arabia

509758089Analyzed
3v3 RM · 3d ago on Sep 27, 2026· 74m 30s· 6 players
Game mode
Random Map
Map size
Normal (6 player)
Population
200
Speed
Normal
Resources
Standard
Victory
Conquest
Starting age
Dark Age
Ending age
Imperial Age
RankedLock teamsTeams togetherTeam positionsShared explorationLock speedFull tech treeHidden civsTurbo modeCheats
Victory
Defeat
🇪🇸 Malians · Spain
1024
+18
🇨🇴 Romans · Colombia
998
+19
🇨🇴 Persians · Colombia
997
+19
🇸🇻 Magyars · El Salvador
1086
-20
🇸🇻 Vietnamese · El Salvador
1047
-18
🇸🇻 Danes · El Salvador
1043
-18
malosnov
7:31 Loom
9:37 Feudal Age
11:39 Double-Bit Axe
16:45 Horse Collar
24:05 Castle Age
22:37 Fletching
23:30 Bloodlines
23:40 Padded Archer Armor
23:42 Gold Mining
26:32 Husbandry
27:07 Bodkin Arrow
28:17 Leather Archer Armor
29:34 Light Cavalry
31:05 Scale Barding Armor
37:04 Chain Barding Armor
36:53 Thumb Ring
48:49 Imperial Age
48:56 Cavalier
50:00 Bracer
50:38 Plate Barding Armor
66:41 Wheelbarrow
iLikeVillagers
7:20 Loom
10:05 Feudal Age
12:13 Double-Bit Axe
20:31 Castle Age
20:32 Horse Collar
21:34 Forging
20:55 Light Cavalry
21:48 Bloodlines
24:25 Iron Casting
24:30 Wheelbarrow
24:22 Bow Saw
26:12 Hand Cart
25:43 Town Watch
26:28 Scale Mail Armor
26:43 Squires
26:30 Arson
26:49 Scale Mail Armor
32:59 Chain Mail Armor
33:31 Devotion
33:44 Fervor
33:34 Murder Holes
34:00 Ballistics
37:51 Town Patrol
40:22 Imperial Age
39:53 Gold Mining
39:54 Stone Mining
40:28 Capped Ram
42:23 Siege Ram
42:40 Elite Varangian Guard
44:21 Blast Furnace
43:51 Plate Mail Armor
46:38 Siege Engineers
47:35 Chemistry
51:24 Onager
58:25 Husbandry
62:18 Conscription
63:35 Hamask
64:52 Hoardings
65:08 Elite Jomsviking
65:38 Pikeman
67:01 Masonry
66:29 Halberdier
68:43 Fletching
69:20 Bodkin Arrow
69:32 Padded Archer Armor
73:42 Scale Barding Armor
Escalavini
7:07 Loom
10:11 Feudal Age
10:51 Double-Bit Axe
17:08 Horse Collar
17:58 Fletching
18:09 Padded Archer Armor
18:42 Padded Archer Armor
20:52 Wheelbarrow
24:38 Castle Age
23:42 Gold Mining
23:42 Town Watch
25:08 Bloodlines
25:11 Forging
25:07 Scale Barding Armor
28:47 Iron Casting
30:43 Bow Saw
30:36 Husbandry
34:16 Heavy Plow
35:09 Hand Cart
37:39 Imperial Age
35:40 Chain Barding Armor
36:24 Bodkin Arrow
36:59 Masonry
37:29 Hand Cart
37:41 Pikeman
38:26 Scale Mail Armor
39:12 Ballistics
40:54 Two-Man Saw
39:59 Devotion
40:42 Chain Mail Armor
40:54 Stone Mining
41:48 Halberdier
42:57 Squires
45:02 Cavalier
45:37 Light Cavalry
47:02 Faith
47:03 Sanctity
46:51 Town Patrol
47:53 Chemistry
48:07 Elite Rattan Archer
49:54 Plate Mail Armor
49:59 Plate Barding Armor
50:54 Paper Money
51:05 Capped Ram
53:38 Bracer
53:54 Leather Archer Armor
55:14 Siege Engineers
55:05 Murder Holes
57:41 Hoardings
57:57 Hoardings
60:57 Ring Archer Armor
64:06 Treadmill Crane
JuanesAczino
7:52 Loom
7:55 Loom
10:06 Feudal Age
10:55 Double-Bit Axe
14:56 Horse Collar
17:45 Wheelbarrow
21:40 Castle Age
20:08 Gold Mining
22:18 Husbandry
22:31 Forging
22:34 Bow Saw
22:25 Heavy Plow
24:05 Bloodlines
24:28 Fletching
25:04 Stone Mining
25:16 Padded Archer Armor
25:55 Town Watch
26:14 Elite Skirmisher
27:26 Bodkin Arrow
30:50 Iron Casting
30:30 Leather Archer Armor
32:15 Thumb Ring
32:19 Scale Barding Armor
35:38 Ballistics
36:47 Hand Cart
36:34 Scale Mail Armor
41:12 Chain Barding Armor
43:44 Squires
46:46 Imperial Age
43:39 Pikeman
48:18 Two-Man Saw
48:31 Conscription
50:14 Ring Archer Armor
51:39 Chemistry
50:35 Murder Holes
52:09 Town Patrol
52:46 Plate Barding Armor
51:52 Cavalier
55:09 Savar
58:26 Blast Furnace
61:30 Man-at-Arms
61:56 Gambesons
62:21 Long Swordsman
67:00 Chain Mail Armor
christ78917
6:39 Loom
6:55 Loom
9:40 Feudal Age
11:03 Double-Bit Axe
11:22 Horse Collar
18:45 Wheelbarrow
22:05 Castle Age
21:32 Scale Barding Armor
21:58 Gold Mining
22:43 Town Watch
23:46 Bow Saw
24:06 Forging
23:59 Husbandry
24:44 Bloodlines
29:04 Heavy Plow
32:08 Stone Mining
33:45 Chain Barding Armor
34:01 Iron Casting
34:12 Stone Shaft Mining
35:55 Gold Shaft Mining
36:24 Hand Cart
37:57 Fletching
39:57 Ballistics
39:48 Masonry
39:54 Bodkin Arrow
41:32 Town Patrol
45:43 Imperial Age
45:23 Light Cavalry
46:50 Conscription
47:09 Hoardings
46:16 Cavalier
48:04 Chemistry
47:35 Architecture
47:01 Murder Holes
47:24 Tigui
48:44 Plate Barding Armor
49:25 Farimba
53:01 Caravan
53:24 Heavy Camel Rider
73:39 Scale Mail Armor
74:31 Crop Rotation
SA1TO
7:36 Loom
10:18 Feudal Age
11:43 Double-Bit Axe
11:53 Horse Collar
15:37 Man-at-Arms
16:34 Gold Mining
18:53 Wheelbarrow
19:24 Fletching
19:34 Padded Archer Armor
26:38 Castle Age
26:30 Stone Mining
27:51 Hand Cart
27:56 Long Swordsman
28:41 Scale Mail Armor
29:25 Bow Saw
30:08 Heavy Plow
29:33 Elite Skirmisher
31:31 Gold Shaft Mining
35:02 Pikeman
35:43 Squires
35:41 Bodkin Arrow
36:02 Leather Archer Armor
36:42 Ballistas
40:37 Imperial Age
40:06 Forging
40:12 Chain Mail Armor
41:25 Iron Casting
40:48 Legionary
40:51 Heavy Scorpion
46:07 Blast Furnace
45:13 Scale Barding Armor
47:11 Conscription
52:20 Comitatenses
55:01 Chemistry
54:22 Ballistics
Connection lost

Rejoining the realm…

Still unreachable

The connection could not be restored.

Session expired

The server has moved on; the page needs a fresh start.